 Dungeon Crawl Stone Soup version 0.30-a0-634-g8abc85282e (webtiles) character file.

Game seed: 12615894676017078326

126 wormed the Insei (level 5, -2/40 HPs)
             Began as an Octopode Transmuter on Jan 14, 2023.
             Was an Initiate of Gozag.
             Slain by Edmund the centaur
             ... wielding a +4 flail of protection
              (5 damage)
             ... on level 4 of the Dungeon.
             The game lasted 00:04:02 (3474 turns).

wormed the Insei (Octopode Transmuter)              Turns: 3474, Time: 00:04:02

Health: -2/40      AC:  6    Str:  9    XL:     5   Next: 10%
Magic:  3/8        EV: 10    Int: 17    God:    Gozag
Gold:   191        SH:  0    Dex: 13    Spells: 2/9 levels left

rFire   x . .      SeeInvis .      - Unarmed
rCold   + + +      Faith    .    (shield currently unavailable)
rNeg    . . .      Spirit   .    (helmet currently unavailable)
rPois   +          Reflect  .    f - amulet of regeneration
rElec   .          Harm     .    (no ring)
rCorr   .          Rampage  .    (no ring)
Will    .....                    (no ring)
Stlth   +                        (no ring)
HPRegen 1.06/turn                (no ring)
MPRegen 0.11/turn                (no ring)
                                 (no ring)
                                 (no ring)

@: ice-form, wereblooded
A: freezing attack, boosted hp, almost no armour, amphibious, 8 rings, large,
(camouflage 1), (gelatinous body 1), (nimble swimmer 1), (tentacles)
a: End Transformation, Renounce Religion, Potion Petition, Call Merchant, Bribe
Branch


You were on level 4 of the Dungeon.
You worshipped Gozag.
Gozag was aware of your devotion.
You were a creature of crystalline ice.
You visited 2 branches of the dungeon, and saw 5 of its levels.

You collected 282 gold pieces.
You paid 91 gold pieces to Gozag.

Inventory:

Missiles
 d - a throwing net
Jewellery
 f - an amulet of regeneration (around neck)
 q - a ring of positive energy
Wands
 e - a wand of polymorph (10) (quivered)
Scrolls
 b - a scroll of enchant armour
 i - 2 scrolls of teleportation
 l - a scroll of poison {unknown}
 m - a scroll of fog {unknown}
 o - a scroll of fear {unknown}
 p - a scroll of brand weapon {unknown}
Potions
 a - 4 potions of lignification
 c - a potion of resistance {unknown}
 g - a potion of curing
 h - a potion of haste {unknown}
 j - a potion of degeneration {unknown}
 k - 3 potions of attraction {unknown}
 n - a potion of might {unknown}


   Skills:
 + Level 2.1 Fighting
 + Level 2.5 Dodging
 + Level 3.4 Unarmed Combat
 + Level 2.5 Spellcasting
 * Level 3.1 Transmutations
 + Level 1.5 Ice Magic


You had 2 spell levels left.
You knew the following spells:

 Your Spells              Type           Power      Damage    Failure   Level
a - Beastly Appendage     Tmut           24%        N/A       4%          1
b - Wereblood             Tmut           12%        N/A       8%          2
c - Ice Form              Ice/Tmut       9%         N/A       56%         4

Your spell library contained the following spells:

 Spells                   Type           Power      Damage    Failure   Level
 Kiss of Death            Conj/Necr      8%         2d6       19%         1
 Blink                    Tloc           4%         N/A       28%         2
 Momentum Strike          Conj/Tloc      4%         3d8       28%         2
 Scorch                   Fire           4%         2d5       28%         2
 Spider Form              Tmut/Pois      7%         N/A       28%         3
 Lesser Beckoning         Tloc           4%         N/A       50%         3
 Flame Wave               Conj/Fire      2%         2d4       88%         4
 Summon Cactus Giant      Summ           1%         N/A       100%        6


Dungeon Overview and Level Annotations

Branches:
Dungeon (4/15)             Temple (1/1) D:4

Altars:
Cheibriados
Elyvilon
Fedhas
Gozag
Okawaru
Qazlal
Trog
Vehumet
Xom
Yredelemnul
Zin

Annotations:
D:3 2 transporters
D:4 Edmund


Innate Abilities, Weirdness & Mutations

You are a creature of crystalline ice.
You have a powerful freezing melee attack.
Your maximum health is increased.
Your armour is entirely melded.
You are incapable of wielding weapons or throwing items.
You cannot wear most types of armour.
You are amphibious.
You can wear up to eight rings at the same time.
((Your skin changes colour to match your surroundings (Stealth+).))
((Your rubbery body absorbs attacks. (AC +1, EV +1)))
((You are camouflaged when in or above water. (Stealth+)))
((You have tentacles for arms and can constrict up to eight enemies at once.))


Message History

Casting: Ice Form (extremely dangerous; 56% risk of failure)
Confirm with . or Enter, or press ? or * to list all spells.
Your blood is infused with primal strength.
You punch Edmund! You freeze Edmund.
Edmund is moderately wounded.
Edmund hits you with a +4 flail of protection!
You hit Edmund but do no damage.
Edmund is moderately wounded.
Edmund hits you with a +4 flail of protection!
You hit Edmund. You freeze Edmund.
Edmund is moderately wounded.
Edmund hits you with a +4 flail of protection!
You hit Edmund but do no damage.
Edmund is moderately wounded.
Edmund says, "People think my brother is the best.
I think he's crazy."
Edmund hits you with a +4 flail of protection.
You barely miss Edmund.
Edmund is moderately wounded.
Edmund barely misses you.
You barely miss Edmund.
Edmund is moderately wounded.
Edmund hits you with a +4 flail of protection!
* * * LOW HITPOINT WARNING * * *
Aiming: Polymorph
Press: ? - help, Q - select action, (/) - cycle Shift-Dir - straight line, f - Edmund
Aim: Edmund, wielding a +4 flail of protection and wearing a +0 chain mail (moderately wounded, will become a centaur, an ogre, or an iguana, chance to affect: 49%) Edmund resists with some effort.
Edmund hits you with a +4 flail of protection.
* * * LOW HITPOINT WARNING * * *
Aiming: Polymorph
Press: ? - help, Q - select action, (/) - cycle Shift-Dir - straight line, f/p - Edmund
Aim: Edmund, wielding a +4 flail of protection and wearing a +0 chain mail (moderately wounded, will become a centaur, an ogre, or an iguana, chance to affect: 49%) Edmund evaporates and reforms as a centaur!
Edmund picks up a +4 flail of protection.
Edmund wields a +4 flail of protection.
You punch Edmund! You freeze Edmund.
Edmund is heavily wounded.
Edmund hits you with a +4 flail of protection.
You die...
Your body crumbles into a pile of gold.

#................).......####..
###.#.################......+..
#.#.# ... #...####.. #.#.#. ..
#...#..#.. #...#..######.###
#P......). ###.#.........#[##
###.####.. #.##...........#..
#....... #.#[.......c......
#...##..
#.#######.Y#########.#.####
##....................#.#
...................####.#
##................## ...
#................# ...
####.>...........# $....
#.............# .....
#.............# #######+#.###.#


You could see Edmund the centaur.

Vanquished Creatures
  A hound (D:3)
  A gnoll (D:1)
  3 adders
  A worm (D:3)
  3 dart slugs
  5 bats
  7 endoplasms
  2 giant cockroaches (D:1)
  6 goblins
  3 hobgoblins
  3 kobolds
  A quokka (D:4)
  6 ball pythons
  7 frilled lizards
  A rat (D:1)
50 creatures vanquished.

Vanquished Creatures (others)
  3 plants
3 creatures vanquished.

Grand Total: 53 creatures vanquished

Notes
Turn   | Place    | Note
-------+----------+-------------------------------------------
     0 | D:1      | wormed the Octopode Transmuter began the quest for the Orb.
     0 | D:1      | Reached XP level 1. HP: 13/13 MP: 3/3
    46 | D:1      | Found a faded altar of an unknown god.
    51 | D:1      | Got Plato's Papyrus of Despair
   194 | D:1      | Reached XP level 2. HP: 18/18 MP: 3/5
   479 | D:1      | Learned a level 2 spell: Wereblood
   482 | D:1      | Reached XP level 3. HP: 20/23 MP: 2/6
  2347 | D:3      | Reached skill level 1 in Ice Magic
  2347 | D:3      | Reached XP level 4. HP: 29/29 MP: 3/7
  2352 | D:3      | Learned a level 4 spell: Ice Form
  2635 | D:3      | Found a transporter.
  2703 | D:3      | Found a transporter.
  2819 | D:3      | Found a snail-covered altar of Cheibriados.
  3111 | D:4      | Found a staircase to the Ecumenical Temple.
  3206 | Temple   | Entered the Ecumenical Temple
  3219 | Temple   | Became a worshipper of Gozag Ym Sagoz the Greedy
  3328 | D:4      | Reached XP level 5. HP: 34/34 MP: 4/8
  3460 | D:4      | Noticed Edmund
  3471 | D:4      | HP: 2/40 [Edmund/+4 flail of protection (13)]
  3473 | D:4      | Edmund changed into Edmund the centaur
  3473 | D:4      | Noticed Edmund
  3474 | D:4      | Slain by Edmund the centaur

Illustrated notes

Levels and vault maps discovered:
D:1:      lemuel_arrival_behind_the_door_small, layout_loops_cross,
          shapermc_ecumenical_altar_rom_forum, serial_bayou_lagoon_a,
          hangedman_decor_clover_reticule, grunt_decor_clamped
D:2:      layout_basic
D:3:      gammafunk_wand_slinger, layout_basic, slow_altar_1
D:4:      layout_basic, minmay_temple_entry_waves,
          gammafunk_ghost_nasty_kobolds, sigmund_edmund_badplayer
Temple:   nicolae_temple_ecumenical_triangle

Skill      XL: |  1  2  3  4 |
---------------+-------------+-----
Ice Magic      | 1 |  1.5
Fighting       | 2 |  2.1
Transmutations | 3 |  3.1
Dodging        | |  2.5
Unarmed Combat | |  3.4
Spellcasting   | |  2.5

Action                   |  1- 3 |  4- 6 || total
-------------------------+-------+-------++-------
Melee: Unarmed           |    75 |    46 ||   121
       Constrict         |    16 |    12 ||    28
       Kick              |    10 |    10 ||    20
       Punch             |     2 |     2 ||     4
       Tentacles         |     4 |     5 ||     9
Throw: Throwing net      |     1 |       ||     1
 Cast: Beastly Appendage |    23 |    13 ||    36
       Wereblood         |    14 |    14 ||    28
       Ice Form          |       |     1 ||     1
Evoke: Wand              |       |     2 ||     2
  Use: Scroll            |     5 |     3 ||     8
 Stab: Sleeping          |     6 |     2 ||     8
Armor: Skin              |     6 |     4 ||    10
Dodge: Dodged            |    37 |    31 ||    68

Table legend: (Time is in decaauts)
 A = Elapsed time spent in this place.
 B = Non-inter-level travel time spent in this place.
 C = Inter-level travel time spent in this place.
 D = Time resting spent in this place.
 E = Time spent auto-exploring this place.
 F = Levels seen in this place.
 G = Mean time per level.
                   A        B        C        D        E       F      G
               +--------+--------+--------+--------+--------+-----+--------+
         Total |   3465 |   3337 |    128 |      0 |   2776 |   5 |  693.0 |
       Dungeon |   3438 |   3322 |    116 |      0 |   2776 |   4 |  859.5 |
        Temple |     26 |     14 |     12 |      0 |      0 |   1 |   26.0 |
               +--------+--------+--------+--------+--------+-----+--------+

Top non-repeatable levels by time:
     D:2: 1163 daAuts
     D:1: 1084 daAuts
     D:3: 798 daAuts
     D:4: 392 daAuts
  Temple: 26 daAuts
